 Dungeon Crawl Stone Soup version 0.29-a0-632-g781b4ac09e (webtiles) character file.

Game seed: 556448994307308666

88993 Johnny the Shatterer (level 15, -8/237 HPs)
             Began as a Troll Berserker on June 19, 2022.
             Was a High Priest of Trog.
             Mangled by an orc knight
             ... wielding a +2 bardiche
              (33 damage)
             ... on level 2 of the Orcish Mines.
             The game lasted 00:25:35 (19029 turns).

Johnny the Shatterer (Troll Berserker)             Turns: 19029, Time: 00:25:36

Health: -8/237     AC: 21    Str: 35    XL:     15   Next: 48%
Magic:  0/14       EV: 15    Int:  6    God:    Trog [*****.]
Gold:   890        SH:  0    Dex:  9    Spells: 14/14 levels left

rFire   . . .      SeeInvis .   P - +1 giant spiked club (vorpal)
rCold   . . .      Faith    .   (shield currently unavailable)
rNeg    . . .      Spirit   +   Y - +2 storm dragon scales
rPois   .          Reflect  .   A - +2 hat {Int+3}
rElec   +          Harm     .   f - +0 cloak
rCorr   .          Rampage  .   (gloves unavailable)
Will    +++..                   (boots unavailable)
Stlth   ..........              V - amulet of guardian spirit
HPRegen 2.29/turn               p - +4 ring of protection
MPRegen 0.14/turn               F - ring of the Hare {EV+8}

@: berserking, strong-willed, regenerating, studying Fighting, very quick
A: large, unfitting armour, claws 3, regeneration 1, shaggy fur 1, tough skin 1
a: Renounce Religion, Berserk, Trog's Hand, Brothers in Arms


You were on level 2 of the Orcish Mines.
You worshipped Trog.
Trog was extremely pleased with you.
You visited 3 branches of the dungeon, and saw 21 of its levels.
You also visited: Sewer and Ossuary.

You collected 2166 gold pieces.
You spent 1276 gold pieces at shops.

Inventory:

Hand Weapons
 g - a +3 antimagic giant spiked club
 P - a +1 vorpal giant spiked club (weapon)
Missiles
 w - 33 large rocks (quivered)
 U - a throwing net
Armour
 f - a +0 cloak (worn)
 A - a +2 hat of intelligence (worn)
 Y - +2 storm dragon scales (worn)
Jewellery
 p - a +4 ring of protection (left claw)
 F - the ring of the Hare (right claw) {EV+8}
   (You acquired it on level 10 of the Dungeon)

   [ring of evasion]

   EV:        It affects your evasion (+8).
 G - a +6 ring of intelligence
 J - a ring of resist corrosion
 O - a ring of poison resistance
 T - a ring of willpower
 V - an amulet of guardian spirit (around neck)
 W - an amulet of faith
 Z - the ring of the Charming Gods {rC++ Str+2 Int-4 SInv}
   (You found it on level 3 of the Lair of Beasts)

   [ring of see invisible]

   Str:       It affects your strength (+2).
   Int:       It affects your intelligence (-4).
   rC:        It greatly protects you from cold.
   SInv:      It lets you see invisible.
Wands
 c - a wand of paralysis (10)
 x - a wand of mindburst (16)
 y - a wand of polymorph (8)
 K - a wand of light (1)
 N - a wand of iceblast (3)
Scrolls
 a - 3 scrolls of magic mapping
 b - 3 scrolls of vulnerability
 e - 3 scrolls of immolation
 l - 7 scrolls of fog
 o - 5 scrolls of teleportation
 r - 2 scrolls of brand weapon
 t - 5 scrolls of noise
 v - 3 scrolls of fear
 I - 4 scrolls of torment
 Q - 2 scrolls of blinking
 S - 2 scrolls of enchant armour
 X - a scroll of summoning
Potions
 d - 4 potions of cancellation
 h - 6 potions of mutation
 i - 6 potions of invisibility
 j - 5 potions of flight
 k - 12 potions of might
 m - 5 potions of haste
 n - a potion of brilliance {unknown}
 q - 6 potions of heal wounds
 s - 5 potions of degeneration {unknown}
 u - 14 potions of ambrosia
 z - a potion of magic {unknown}
 B - a potion of resistance {unknown}
 C - 3 potions of attraction {unknown}
 D - 5 potions of lignification
 E - 3 potions of berserk rage {unknown}
 H - 6 potions of curing
Miscellaneous
 L - a tin of tremorstones (2/2)


   Skills:
 + Level 12.4 Fighting
 * Level 22.5 Maces & Flails
 - Level 2.4 Dodging


You had 14 spell levels left.
You didn't know any spells.
Your spell library contained the following spells:

 Spells                   Type           Power      Damage    Failure   Level
 Magic Dart               Conj           0%         1d3       92%         1
 Necrotize                Necr           0%         1d4       92%         1
 Sandblast                Erth           0%         2d4       92%         1
 Blink                    Tloc           0%         N/A       98%         2
 Ensorcelled Hibernation  Hex/Ice        0%         N/A       98%         2
 Passwall                 Tmut/Erth      0%         N/A       98%         2
 Poisonous Vapours        Pois/Air       0%         N/A       98%         2
 Searing Ray              Conj           0%         2d4       98%         2
 Static Discharge         Conj/Air       0%         N/A       98%         2
 Conjure Flame            Conj/Fire      0%         6-21      100%        3
 Dazzling Flash           Conj/Hex       0%         N/A       100%        3
 Ignite Poison            Fire/Tmut/Pois 0%         N/A       100%        3
 Lesser Beckoning         Tloc           0%         N/A       100%        3
 Ozocubu's Armour         Ice            0%         N/A       100%        3
 Stone Arrow              Conj/Erth      0%         3d7       100%        3
 Swiftness                Air            0%         N/A       100%        3
 Vampiric Draining        Necr           0%         2d6       100%        3
 Dispel Undead            Necr           0%         3d6       100%        4
 Fulminant Prism          Conj/Hex       0%         3d6       100%        4
 Sticky Flame             Conj/Fire      0%         2d3       100%        4
 Agony                    Necr           0%         N/A       100%        5
 Manifold Assault         Tloc           0%         N/A       100%        5
 Metabolic Englaciation   Hex/Ice        0%         N/A       100%        5
 Silence                  Hex/Air        0%         N/A       100%        5
 Simulacrum               Ice/Necr       0%         N/A       100%        6
 Maxwell's Capacitive Co  Air            0%         ∞         100%        8
 Chain Lightning          Conj/Air       0%         N/A       100%        9


Dungeon Overview and Level Annotations

Branches:
Dungeon (13/15)            Temple (0/1) D:7            Lair (6/6) D:8
  Swamp (0/4) Lair:2        Snake (0/4) Lair:2        Slime (0/5) Lair:6
    Orc (2/2) D:10            Elf (0/3) Orc:2         Sewer (visited)
Ossuary (visited)
 Vaults: D:13-14

Altars:
Cheibriados
Elyvilon
Hepliaklqana
Nemelex Xobeh
Qazlal
Trog
Vehumet
Zin
The Shining One
Beogh

Shops:
D:2 [   D:3 :   D:11 (   Orc:2 *!:

Annotations:
D:6 2 transporters, voshxx's ghost, novice DEFE


Innate Abilities, Weirdness & Mutations

You are too large for most types of armour.
You have claws for hands.
Your natural rate of healing is unusually fast.
You are covered in fur. (AC +1)
You have tough skin. (AC +1)


Message History

The orc knight hits you from afar with a +2 bardiche!!
You closely miss the orc warrior. You closely miss the orc warrior.
You barely miss the orc warrior. The orc warrior barely misses you.
The orc knight hits you but does no damage.
You stick the orc warrior like a pincushion!!!
You kill the orc warrior!
Trog accepts your kill.
The orc knight roars a battlecry!
The orc knight goes into a battle-frenzy!
The orc knight hits you with a +0 long sword!
* * * LOW HITPOINT WARNING * * *
The orc warrior closely misses you.
Things that are here:
a +0 halberd; a +0 chain mail of willpower You impale the orc knight!!
The orc knight is heavily wounded.
You closely miss the orc knight.
The orc knight is heavily wounded.
The orc knight hits you with a +2 bardiche!
* * * LOW HITPOINT WARNING * * *
The orc knight closely misses you.
The orc warrior hits you but does no damage.
You closely miss the orc knight.
The orc knight is heavily wounded.
You completely miss the orc knight.
The orc knight is heavily wounded.
The orc knight hits you with a +2 bardiche!!!
* * * LOW HITPOINT WARNING * * *
The orc knight hits you but does no damage.
The orc warrior hits you from afar with a +0 halberd.
* * * LOW HITPOINT WARNING * * *
You hear a shout! x5
You bludgeon the orc knight!!
You kill the orc knight!
Trog accepts your kill.
You impale the orc knight!!
The orc knight is almost dead.
The orc knight hits you with a +2 bardiche!!
You die...

..#..............................
..#..............................
.#............#######.###.###.###
###...........# #.# #.# #.#..
.##...........# #.###.###.#..
..............# #.)))..)))#..
..............# #)###.###)###
..............###+###)# #.# #))..
##.............)@o..).# #.# #..8.
#............###)##))###.###....
#....^........#.oo.#.............
#.............#oo..#..#######.###
##............#∩...#..# #.# #
#.............######..#######.###
##...............................
.....#..#.....................
###################


You could see an orc knight (strong) and an orc warrior (strong).

Vanquished Creatures
  Frances (D:13)
  Kirke (Lair:4)
  Josephine (D:11)
  Fannar (D:12)
  3 boulder beetles
  6 hydras
  2 centaur warriors (D:13)
  4 two-headed ogres
  An orc high priest (Orc:2)
  Sonja (Lair:6)
  2 skeletal warriors (D:10)
  2 bog bodies (Lair:2)
  A wolf spider zombie (D:12)
  A deep elf pyromancer (D:13)
  A lindwurm (Lair:5)
  8 orc knights
  3 oklob plants (Lair:6)
  4 orc sorcerers
  2 ugly things
  6 cyclopes
  A manticore (D:13)
  25 elephants
  3 black mambas
  2 gargoyles (D:12)
  12 cane toads
  5 rime drakes
  Maggie (D:7)
  2 kobold demonologists (D:13)
  An unseen horror (D:12)
  2 freezing wraiths (D:13)
  8 komodo dragons
  11 trolls
  A tengu conjurer (D:12)
  5 polar bears (Lair:6)
  A queen bee (Orc:1)
  A meliai (D:12)
  17 blink frogs
  8 hornets
  2 meliai zombies (D:12)
  Sigmund (D:2)
  8 shadows
  38 yaks
  13 spriggans (Lair:6)
  15 wraiths
  A wyvern (D:8)
  2 vampires (D:12)
  6 basilisks
  3 steam dragons
  5 vampire mosquitoes (D:12)
  3 acid dragons
  7 wargs (Orc:2)
  3 nagas (Lair:2)
  9 water moccasins
  35 orc warriors
  2 ice beasts
  A sky beast (D:5)
  2 black bears (Lair:6)
  23 wolves
  2 centaurs
  3 ogres
  4 boggarts (Lair:6)
  3 kobold brigands
  An elf zombie (Ossuary)
  9 bullfrogs
  4 scorpions
  4 wights (D:7)
  A necrophage (D:7)
  30 killer bees
  3 howler monkeys
  An electric eel (Lair:5)
  16 centaur zombies
  6 hounds
  A jelly (D:7)
  A gnoll shaman (D:4)
  3 human zombies (Ossuary)
  19 orc priests
  Crazy Yiuf (D:3)
  A boggart zombie (D:12)
  4 iguanas
  14 orc wizards
  2 mummies (Ossuary)
  12 gnolls
  17 adders
  7 river rats (Sewer)
  A shadow imp (D:5)
  3 white imps
  An ufetubus (D:6)
  2 worms
  3 dart slugs
  81 orcs
  17 ball pythons
  5 bats
  6 endoplasms
  4 giant cockroaches
  7 goblins
  3 hobgoblins
  4 jackals (D:4)
  37 kobolds
  5 quokkas
  5 frilled lizards
  A goblin zombie (Ossuary)
  8 hobgoblin zombies (Ossuary)
  A jackal zombie (Ossuary)
  14 kobold zombies (Ossuary)
  6 orc zombies (Ossuary)
  20 rats
  A rat zombie (Ossuary)
740 creatures vanquished.

Vanquished Creatures (collateral kills)
  Gastronok (Lair:3)
  A death knight (D:13)
  A skeletal warrior (D:10)
  A cane toad (Lair:1)
  6 yaks
  2 wolves (Lair:6)
  A kobold brigand (D:10)
  A bullfrog (Lair:1)
  An orc priest (Orc:2)
  3 kobolds (D:10)
18 creatures vanquished.

Vanquished Creatures (others)
  A human (Lair:4)
  A cane toad zombie (Lair:1)
  A killer bee (Orc:1)
  A bush (Lair:4)
  16 fungi
  30 plants
  9 withered plants (D:12)
59 creatures vanquished.

Grand Total: 817 creatures vanquished

Notes
Turn   | Place    | Note
-------+----------+-------------------------------------------
     0 | D:1      | Johnny the Troll Berserker began the quest for the Orb.
     0 | D:1      | Reached XP level 1. HP: 22/22 MP: 0/0
    43 | D:1      | Found a faded altar of an unknown god.
   187 | D:1      | Reached skill level 3 in Maces & Flails
   243 | D:1      | Reached XP level 2. HP: 29/29 MP: 1/1
  1060 | D:2      | Noticed Sigmund
  1144 | D:2      | Reached XP level 3. HP: 36/36 MP: 2/2
  1209 | D:2      | Found a white marble altar of Elyvilon.
  1328 | D:2      | Found Oguixoe's Armour Emporium.
  1484 | D:3      | Found a stormy altar of Qazlal.
  1571 | D:3      | Reached skill level 4 in Maces & Flails
  1571 | D:3      | Reached XP level 4. HP: 41/45 MP: 3/3
  1573 | D:3      | Reached ** piety under Trog
  1832 | D:3      | Found Peucrear's Book Emporium.
  1921 | D:3      | Found a runed translucent door.
  1922 | D:3      | Noticed Crazy Yiuf
  2337 | D:3      | Killed Crazy Yiuf
  2338 | D:3      | Reached XP level 5. HP: 53/53 MP: 0/4
  2547 | D:4      | Found a glowing golden altar of the Shining One.
  2547 | D:4      | Found a hazy altar of Hepliaklqana.
  2548 | D:4      | Found a radiant altar of Vehumet.
  2584 | D:4      | Found a glowing silver altar of Zin.
  2747 | D:4      | Reached skill level 5 in Maces & Flails
  2814 | D:4      | Reached XP level 6. HP: 56/62 MP: 5/5
  3142 | D:2      | Killed Sigmund
  3143 | D:2      | Reached skill level 6 in Maces & Flails
  3143 | D:2      | Reached XP level 7. HP: 70/70 MP: 6/6
  3533 | D:5      | Entered Level 5 of the Dungeon
  3574 | D:5      | Found a glowing drain.
  3591 | Sewer    | Entered a sewer
  3783 | Sewer    | Reached *** piety under Trog
  4211 | D:5      | Reached skill level 7 in Maces & Flails
  4529 | D:5      | Reached skill level 5 in Fighting
  4616 | D:5      | Reached XP level 8. HP: 46/80 MP: 7/7
  4820 | D:5      | Reached **** piety under Trog
  5010 | D:6      | Reached skill level 8 in Maces & Flails
  5126 | D:6      | Found a bloodstained altar of Trog.
  5366 | D:6      | Reached skill level 9 in Maces & Flails
  5452 | D:6      | Found a transporter.
  5453 | D:6      | Noticed voshxx's ghost (novice DEFE)
  5454 | D:6      | Identified the +7 great mace "Roghy" {vorpal, rElec Will+}
  5454 | D:6      | Noticed a two-headed ogre
  5470 | D:6      | Found a transporter.
  5710 | D:7      | Reached XP level 9. HP: 89/89 MP: 8/8
  6050 | D:7      | Reached skill level 10 in Maces & Flails
  6075 | D:7      | Noticed Maggie
  6085 | D:7      | Killed Maggie
  6201 | D:7      | Found a staircase to the Ecumenical Temple.
  6593 | D:8      | Found a staircase to the Lair.
  6599 | D:8      | Noticed a brown ugly thing
  6620 | D:8      | Killed a brown ugly thing
  6639 | D:8      | Found a sand-covered staircase.
  6644 | Ossuary  | Entered an ossuary
  6777 | Ossuary  | Reached skill level 11 in Maces & Flails
  6996 | D:8      | Reached ***** piety under Trog
  6997 | D:8      | Found a snail-covered altar of Cheibriados.
  7004 | D:8      | Got Hoeh's Compendium of Flying Poisoning
  7117 | D:8      | Reached XP level 10. HP: 102/102 MP: 9/9
  7435 | Lair:1   | Entered Level 1 of the Lair of Beasts
  7486 | Lair:1   | Noticed a cane toad
  7493 | Lair:1   | Killed a cane toad
  7612 | Lair:1   | Noticed a cane toad
  7612 | Lair:1   | Noticed a cane toad
  7617 | Lair:1   | Killed a cane toad
  7624 | Lair:1   | Killed a cane toad
  7685 | Lair:1   | Reached skill level 12 in Maces & Flails
  8139 | Lair:2   | Noticed a bog body
  8141 | Lair:2   | Found a staircase to the Swamp.
  8141 | Lair:2   | Noticed a bog body
  8150 | Lair:2   | Killed a bog body
  8154 | Lair:2   | Killed a bog body
  8372 | Lair:2   | Noticed an elephant
  8372 | Lair:2   | Noticed an elephant
  8372 | Lair:2   | Noticed an elephant
  8381 | Lair:2   | Killed an elephant
  8382 | Lair:2   | Reached XP level 11. HP: 113/113 MP: 10/10
  8390 | Lair:2   | Reached skill level 13 in Maces & Flails
  8796 | Lair:2   | Found a staircase to the Snake Pit.
  9004 | Lair:3   | Noticed Gastronok
  9336 | D:9      | Found a sparkling altar of Nemelex Xobeh.
  9471 | D:9      | Reached skill level 14 in Maces & Flails
  9616 | D:10     | Entered Level 10 of the Dungeon
  9713 | D:10     | Found a staircase to the Orcish Mines.
  9825 | D:10     | Noticed a skeletal warrior
  9849 | D:10     | Killed a skeletal warrior
  9890 | D:10     | Noticed a skeletal warrior
  9920 | D:10     | Killed a skeletal warrior
  9973 | D:10     | Noticed a skeletal warrior
  9984 | D:10     | Killed a skeletal warrior
  9985 | D:10     | Reached skill level 15 in Maces & Flails
 10244 | D:10     | Identified a scroll of acquirement
 10245 | D:10     | Acquired the ring of the Hare {EV+8}
 10245 | D:10     | Found the ring of the Hare {EV+8}
 10449 | Orc:1    | Entered Level 1 of the Orcish Mines
 10449 | Orc:1    | Noticed an orc knight
 10463 | D:10     | Killed an orc knight
 10522 | Orc:1    | Reached XP level 12. HP: 123/123 MP: 11/11
 10913 | Orc:1    | Reached skill level 16 in Maces & Flails
 11112 | D:11     | Noticed Josephine
 11130 | D:11     | Killed Josephine
 11148 | D:11     | Noticed Fannar
 11148 | D:11     | Noticed a two-headed ogre
 11302 | D:12     | Noticed a four-headed hydra
 11382 | D:12     | Killed a four-headed hydra
 11415 | D:12     | Noticed a boulder beetle
 11418 | D:12     | Noticed a boulder beetle
 11425 | D:12     | Killed a boulder beetle
 11439 | D:12     | Killed a boulder beetle
 11440 | D:12     | Reached skill level 17 in Maces & Flails
 11502 | D:12     | Killed Fannar
 11642 | D:11     | Noticed a two-headed ogre
 11648 | D:11     | Killed a two-headed ogre
 11694 | D:11     | Paralysed by a hornet for 1 turns
 11700 | D:11     | Reached skill level 18 in Maces & Flails
 11700 | D:11     | Reached XP level 13. HP: 131/131 MP: 12/12
 11946 | D:11     | Found Zepp's Antique Weapon Shoppe.
 12503 | D:12     | Reached skill level 19 in Maces & Flails
 12977 | D:13     | Noticed Frances
 12994 | D:13     | Killed Frances
 13558 | D:13     | Reached skill level 20 in Maces & Flails
 14026 | D:2      | Bought +2 storm dragon scales for 1012 gold pieces
 14323 | Lair:3   | Identified the ring of the Charming Gods {rC++ Str+2 Int-4
                  | SInv}
 14366 | Lair:3   | Reached XP level 14. HP: 125/140 MP: 13/13
 14444 | Lair:3   | Killed Gastronok
 15156 | Lair:4   | Identified the ring "Ixemneo" {Fire Int+2}
 15199 | Lair:4   | Noticed Kirke
 15213 | Lair:4   | Killed Kirke
 15225 | Lair:4   | Acquired a manual of Fighting
 15346 | Lair:4   | You fall into a shaft and drop 2 floors!
 15346 | Lair:6   | Entered Level 6 of the Lair of Beasts
 15382 | Lair:5   | Reached skill level 21 in Maces & Flails
 16138 | Lair:6   | Reached skill level 10 in Fighting
 16140 | Lair:6   | Received a gift from Trog
 16910 | Lair:6   | Reached XP level 15. HP: 130/153 MP: 11/14
 16979 | Lair:6   | Found a staircase to the Slime Pits.
 17047 | Lair:6   | Reached skill level 22 in Maces & Flails
 17219 | Lair:6   | Noticed Sonja
 17224 | Lair:6   | Killed Sonja
 18206 | Orc:2    | Entered Level 2 of the Orcish Mines
 18263 | Orc:2    | Found a staircase to the Elven Halls.
 18452 | Orc:2    | Received a gift from Trog
 18565 | Orc:2    | Found Axoa's Distillery.
 18573 | Orc:2    | Found Ytebbuy's Book Boutique.
 18638 | Orc:2    | Bought a potion of heal wounds for 55 gold pieces
 18638 | Orc:2    | Bought a potion of flight for 33 gold pieces
 18638 | Orc:2    | Bought a potion of lignification for 33 gold pieces
 18638 | Orc:2    | Bought a potion of haste for 110 gold pieces
 18638 | Orc:2    | Bought a potion of curing for 33 gold pieces
 18722 | Orc:2    | Paralysed by an orc sorcerer for 4 turns
 19005 | Orc:2    | Found Wizuli Cupt's Assorted Antiques.
 19029 | Orc:2    | Mangled by an orc knight

Illustrated notes

Levels and vault maps discovered:
D:1:      heliophobic_arrival_henge, layout_basic,
          dreamdust_ecumenical_altar_statues, grunt_decor_clamped
D:2:      layout_loops_ring, serial_shops, nicolae_shop_trees, basic_altar,
          minmay_snake_closets, uniq_sigmund
D:3:      layout_basic, mainiacjoe_overflow_brackets, serial_shops,
          nicolae_shop_waterfront, uniq_crazy_yiuf_cottage
D:4:      layout_rooms, nicolae_overflow_quartered_altars
D:5:      layout_gridville, cheibrodos_sewer_entry_sluice,
          hangedman_decor_riveting, kennysheep_minor_cross
D:6:      layout_basic, mainiacjoe_overflow_surrounded_room,
          gammafunk_ghost_smash
D:7:      layout_gridville, minmay_temple_entry_antechambers, uniq_maggie
D:8:      layout_rooms, mainiacjoe_overflow_paths, lair_entry_dummy,
          nicolae_ossuary_entry_false_entrances
D:9:      layout_rooms, mainiacjoe_overflow_small_starburst
D:10:     layout_loops_ring, david_orc_3, serial_bayou_pond_e
D:11:     layout_rooms, serial_shops, shop_statue, uniq_fannar, uniq_josephine
D:12:     hangedman_cross_stitches, layout_irregular_city, serial_undead,
          serial_undead_d, serial_undead_c, serial_undead_d, serial_undead_c,
          serial_undead_f, serial_undead_b, serial_undead_c, serial_undead_e,
          serial_undead_a, serial_undead_a
D:13:     layout_gridville, uniq_frances
Lair:1:   layout_cave_shapes, grunt_megastairs_1
Lair:2:   layout_roguey, skrybe_swamp_entry_bodies,
          minmay_snake_entry_guardpost_small, serial_bayou_shore_b,
          lemuel_fruit_tree
Lair:3:   layout_hall_layers, beast_lair_carwin_10, infiniplex_staircase_pool_2,
          uniq_gastronok
Lair:4:   layout_hall_layers, serial_rivers, chequers_serial_rivers_room_a,
          chequers_serial_rivers_marsh, chequers_serial_rivers_micro_a,
          chequers_serial_rivers_small_a, serial_bayou_shore_b, uniq_kirke,
          uniq_nergalle
Lair:5:   layout_regular_city, serial_bayou_lagoon_a
Lair:6:   minmay_lair_end_enchanted_forest, layout_long_grid,
          minmay_slime_entry_oklob_open, minmay_stone_trees_small, uniq_sonja
Orc:1:    layout_caves, special_room [special_room_bee]
Orc:2:    st_orc_town, layout_diamond_mine, minmay_orc_temple_c

Skill      XL: |  1  2  3  4  5  6  7  8  9 10 11 12 13 14 15 |
---------------+----------------------------------------------+-----
Maces & Flails | 3 4 5 6 7 9 11 12 15 18 20 21 22 | 22.5
Fighting       | 3 4 5 6 7 8 9 11 12 | 12.4
Dodging        | |  2.4

Action                   |  1- 3 |  4- 6 |  7- 9 | 10-12 | 13-15 || total
-------------------------+-------+-------+-------+-------+-------++-------
Melee: Mace              |   113 |    48 |       |       |       ||   161
       Punch             |     1 |       |       |       |       ||     1
       Quarterstaff      |       |    67 |   502 |   470 |       ||  1039
       Giant club        |       |       |       |   129 |   338 ||   467
       Giant spiked club |       |       |       |       |   746 ||   746
       Unarmed           |       |       |       |       |     8 ||     8
Throw: Large rock        |       |       |       |     6 |     3 ||     9
Invok: Berserk           |     2 |     3 |    10 |    25 |    13 ||    53
       Trog's Hand       |       |     2 |     3 |    25 |    12 ||    42
       Brothers in Arms  |       |       |       |       |     4 ||     4
Evoke: Wand              |       |       |       |     3 |    13 ||    16
  Use: Scroll            |       |       |     9 |    20 |     9 ||    38
       Potion            |       |       |       |     4 |     1 ||     5
 Stab: Sleeping          |     1 |     1 |       |       |       ||     2
       Paralysed         |       |       |       |     2 |     3 ||     5
       Confused          |       |       |       |     3 |       ||     3
Armor: Animal skin       |    44 |    45 |   206 |       |       ||   295
       Acid dragon scale |       |       |    72 |   136 |       ||   208
       Troll leather arm |       |       |       |   157 |    73 ||   230
       Storm dragon scal |       |       |       |       |   482 ||   482
Dodge: Dodged            |    82 |    52 |   264 |   490 |   889 ||  1777

Table legend: (Time is in decaauts)
 A = Elapsed time spent in this place.
 B = Non-inter-level travel time spent in this place.
 C = Inter-level travel time spent in this place.
 D = Time resting spent in this place.
 E = Time spent auto-exploring this place.
 F = Levels seen in this place.
 G = Mean time per level.
                   A        B        C        D        E       F      G
               +--------+--------+--------+--------+--------+-----+--------+
         Total |  19281 |  18103 |   1178 |   1955 |  11545 |  23 |  838.3 |
       Dungeon |  11460 |  10587 |    873 |   1000 |   7038 |  13 |  881.5 |
          Lair |   5262 |   4977 |    285 |    546 |   3318 |   6 |  877.0 |
  Orcish Mines |   1697 |   1678 |     19 |    394 |    757 |   2 |  848.5 |
         Sewer |    582 |    582 |      0 |      0 |    320 |   1 |  582.0 |
       Ossuary |    279 |    279 |      0 |     14 |    111 |   1 |  279.0 |
               +--------+--------+--------+--------+--------+-----+--------+

Top non-repeatable levels by time:
  Lair:6: 1602 daAuts
    D:12: 1312 daAuts
     D:1: 1175 daAuts
     D:3: 1094 daAuts
  Lair:2: 1041 daAuts
     D:7: 974 daAuts
    D:10: 962 daAuts
     D:5: 948 daAuts
   Orc:1: 925 daAuts
    D:13: 884 daAuts
     D:2: 863 daAuts
   Orc:2: 771 daAuts
  Lair:5: 754 daAuts
     D:6: 739 daAuts
     D:8: 710 daAuts
